 Dungeon Crawl Stone Soup version 0.21.0-3-g78d12a8bdd (webtiles) character file.

163846 Jannitor the Peltast (level 16, -3/149 HPs)
             Began as a Black Draconian Fighter on Jan 14, 2018.
             Was a High Priest of Makhleb.
             Shot with an arrow by a naga sharpshooter (17 damage)
             ... while paralysed
             ... on level 1 of the Snake Pit.
             The game lasted 01:14:04 (34197 turns).

Jannitor the Peltast (Black Draconian Fighter)     Turns: 34197, Time: 01:14:05

Health: -3/149     AC: 18    Str: 21    XL:     16   Next: 99%
Magic:  22/22      EV: -1    Int: 14    God:    Makhleb [*****.]
Gold:   553        SH:  0    Dex: 15    Spells: 13/15 levels left

rFire    . . .     SeeInvis .   V - +3 scimitar (flame)
rCold    + . .     Gourm    .   X - +0 shield {reflect}
rNeg     . . .     Faith    .   (armour unavailable)
rPois    +         Spirit   .   (helmet restricted)
rElec    +         Reflect  +   J - +2 cloak
rCorr    .         Harm     .   Y - +2 pair of gloves {Str+3}
MR       ++...                  p - +2 pair of boots
Stlth    +.........             K - amulet of rage
HPRegen  0.00/turn              Q - ring of protection from cold
MPRegen  0.18/turn              C - ring of protection from magic

@: paralysed, berserk cooldown, flying, slowed, constricted, studying Shields
A: breathe lightning, unfitting armour, big wings, clever 1, low mp 1, poison
resistance, electricity resistance, inhibited regeneration, cold-blooded, AC +9
}: 1/15 runes: decaying
a: Breathe Lightning, Stop Flying, Minor Destruction, Lesser Servant of Makhleb,
Major Destruction, Greater Servant of Makhleb, Renounce Religion, Evoke Berserk
Rage


You were on level 1 of the Snake Pit.
You worshipped Makhleb.
Makhleb was extremely pleased with you.
You were near starving.

You visited 5 branches of the dungeon, and saw 28 of its levels.
You also visited: Ice Cave.

You collected 3167 gold pieces.
You spent 2614 gold pieces at shops.

Inventory:

Hand Weapons
 F - a +4 triple sword of holy wrath
 H - a +3 scimitar of slicing
 V - a +3 scimitar of flaming (weapon)
Missiles
 v - 18 javelins (quivered)
 x - 7 throwing nets
Armour
 p - a +2 pair of boots (worn)
 J - a +2 cloak (worn)
 X - a +0 shield of reflection (worn)
 Y - a +2 pair of gloves of strength (worn)
Jewellery
 j - a +3 ring of protection
 m - an uncursed ring of magical power {unknown}
 n - an uncursed ring of protection from fire
 u - an uncursed ring of poison resistance
 y - the amulet of Eciral {+Rage rC+ rN++ MP+9 Dex-5, unknown}
   (You found it on level 3 of the Swamp)

   [amulet of rage]

   It affects your dexterity (-5).
   It protects you from cold.
   It greatly protects you from negative energy.
   It affects your magic capacity (+9).
   It lets you go berserk.
 C - a ring of protection from magic (right hand)
 E - a +4 ring of strength {unknown}
 K - an amulet of rage (around neck)
 Q - a ring of protection from cold (left hand)
 T - an uncursed ring of see invisible {unknown}
Wands
 o - a wand of scattershot (4)
 r - a wand of enslavement (19)
 w - a wand of flame (40)
 D - a wand of digging (19)
 N - a wand of acid (24)
 S - a wand of iceblast (35)
Scrolls
 a - 2 scrolls of enchant armour
 g - 7 scrolls of amnesia
 h - 3 scrolls of teleportation
 i - 7 scrolls of identify
 k - 10 scrolls of remove curse
 q - 7 scrolls of magic mapping
 s - 3 scrolls of enchant weapon
 A - a scroll of summoning
 I - 4 scrolls of blinking
 R - 4 scrolls of fog
Potions
 c - 3 potions of might
 e - a potion of heal wounds
 f - 2 potions of cancellation
 l - 2 potions of brilliance
 t - a potion of magic
 z - 5 potions of flight
 G - 9 potions of curing
 L - 2 potions of invisibility
 M - 2 potions of haste
 O - a potion of berserk rage
 U - 3 potions of lignification
Books
 B - a manual of Shields
Miscellaneous
 P - a lamp of fire
 W - a phantom mirror
Comestibles
 d - 36 rations


   Skills:
 + Level 15.0 Fighting
 + Level 13.7 Long Blades
 + Level 12.9 Dodging
 + Level 15.4 Shields
 + Level 12.0 Invocations
 + Level 10.6 Evocations


You had 13 spell levels left.
You knew the following spells:

 Your Spells              Type           Power        Failure   Level  Hunger
a - Blink                 Tloc           N/A          41%         2    ###....


Dungeon Overview and Level Annotations

Branches:
Dungeon (15/15)            Temple (0/1) D:5            Lair (6/6) D:9
  Swamp (4/4) Lair:2        Snake (1/4) Lair:4        Slime (0/5) Lair:6
    Orc (2/2) D:9             Elf (0/3) Orc:2        Vaults (0/5) D:14
 Depths (0/5) D:15

Altars:
Ashenzari
Cheibriados
Dithmenos
Gozag
Hepliaklqana
Makhleb
Okawaru
Qazlal
Ru
Sif Muna
Vehumet
Wu Jian
Yredelemnul
Zin
Beogh
Jiyva

Shops:
D:9 (:}[!   D:13 [   Orc:2 *%?

Annotations:
D:4 1 runed door
D:7 1 runed door
Lair:6 1 runed door


Innate Abilities, Weirdness & Mutations

You can breathe wild blasts of lightning.
Your glossy black scales are hard. (AC +9)
You cannot fit into any form of body armour.
Your large and strong wings let you fly indefinitely.
You are resistant to electric shocks. (rElec)
You are cold-blooded and may be slowed by cold attacks.
Your mind is acute. (Int +2)
Your magical capacity is low. (-10% MP)
Your system is resistant to poisons. (rPois)
You do not regenerate when monsters are visible.


Message History

You slice the naga sharpshooter!! You burn the naga sharpshooter.
You kill the naga sharpshooter!
Makhleb accepts your kill.
Your Fighting skill increases to level 15!
Unknown command.
You are no longer berserk.
You pass out from exhaustion.
You feel yourself slow down.
The naga sharpshooter casts a spell.
The naga sharpshooter magically shoots an arrow.
The arrow hits you!
* * * LOW HITPOINT WARNING * * *
The naga hits you with a battleaxe!
* * * LOW HITPOINT WARNING * * *
The naga grabs you. The naga constricts you.
The naga sharpshooter shoots an arrow.
The arrow hits you but does no damage.
The naga sharpshooter casts a spell.
The naga sharpshooter magically shoots an arrow.
The arrow hits you!
You die...

#............###..##...
#...........# #.####...
#...S......###.# ##...
#.#....S.....##.## #....
#.......)....##.## #....
#..#..........##.###....
#N(###...######..#....
#((#N.## ##...#..
###@.N.## ###....
##((..## #.... #..#...##
##.##. #N.##...##
##.###. #....##...###.##
#. #(... ##......## ##
......###......# #
.(...........[.## ##
........#..#....####.


You could see a naga sharpshooter, a naga ritualist and a naga.

Vanquished Creatures
  A thorn hunter (Swamp:4)
  Donald (Snake:1)
  Kirke (D:13)
  Azrael (D:13)
  3 dire elephants (Lair:6)
  Josephine (D:13)
  A fire dragon (D:14)
  A vault guard (D:14)
  A ghost crab (Swamp:3)
  Erolcha (D:13)
  A death knight (D:14)
  21 hydras
  Fannar (D:11)
  A catoblepas (Lair:5)
  3 anacondas
  4 centaur warriors
  10 two-headed ogres
  3 alligators
  A tengu warrior (D:14)
  A naga sharpshooter (Snake:1)
  2 death yaks (Lair:5)
  Urug (Lair:4)
  2 orc high priests (Orc:2)
  A fire crab (shapeshifter) (D:15)
  3 skeletal warriors (D:11)
  2 unseen horrors
  2 shambling mangroves (Swamp:2)
  A naga ritualist (Snake:1)
  4 swamp dragons
  A phantasmal warrior (D:14)
  5 hornets
  4 orc sorcerers (Orc:2)
  10 trolls
  2 wolf spider zombies
  6 orc knights
  2 mana vipers (Snake:1)
  A deep elf mage (D:15)
  4 manticores
  A moth of wrath (shapeshifter) (D:15)
  22 elephants
  4 centaur zombies
  16 ugly things
  A naga mage (D:15)
  A molten gargoyle (Lair:5)
  14 black mambas
  2 ice statues (IceCv)
  A gargoyle (D:13)
  The ghost of Fv001 the Conjurer, a novice DrCj of Cheibriados (D:6)
  8 komodo dragons
  12 spiny frogs
  5 centaur skeletons
  2 kobold demonologists
  A freezing wraith (D:14)
  7 ice devils (IceCv)
  2 efreet
  2 tengu conjurers (D:13)
  5 rime drakes
  2 polar bears (shapeshifter) (D:14)
  A queen bee (D:8)
  2 tyrant leeches
  7 polar bears
  3 bog bodies
  Prince Ribbit (D:5)
  14 slime creatures
  A blink frog (Lair:3)
  12 hippogriffs
  A meliai zombie (D:15)
  A spriggan (Swamp:2)
  A vampire (D:7)
  4 shadows
  8 wraiths
  6 wyverns (Lair:5)
  26 yaks
  5 hogs (D:13)
  5 fire elementals (D:13)
  8 basilisks
  2 vampire mosquitoes (Swamp:3)
  2 wargs
  12 swamp worms
  16 insubstantial wisps
  2 nagas (Snake:1)
  2 acid dragons
  9 water moccasins
  9 porcupines
  2 hell hounds (D:13)
  5 black bears
  24 orc warriors
  5 sky beasts
  3 ice beasts
  7 phantoms
  7 swamp drakes
  A necrophage (D:7)
  A boggart (shapeshifter) (D:14)
  19 ogres
  10 wolves
  The ghost of Elizilla the Shield-Bearer, an amateur FoFi of Uskayaw (D:4)
  14 centaurs
  10 crocodiles
  2 big kobolds (D:9)
  19 bullfrogs
  3 gnoll sergeants
  2 wyvern skeletons
  A scorpion (Lair:4)
  28 killer bees
  11 wights
  2 electric eels
  12 howler monkeys
  8 crimson imps
  2 bullfrog zombies (D:11)
  4 lava snakes (Lair:5)
  4 quasits
  16 hounds
  2 jellies
  20 orc priests
  3 bullfrog skeletons
  Jessica (D:3)
  9 iguanas
  Ijyb (D:3)
  29 orc wizards
  14 worker ants
  2 killer bee zombies
  4 hound zombies
  A worker ant zombie (D:5)
  8 gnolls
  A howler monkey skeleton (D:4)
  18 adders
  10 shadow imps
  6 white imps (IceCv)
  7 ufetubi (IceCv)
  3 oozes
  An adder zombie (D:7)
  An adder skeleton (D:6)
  A worm (D:5)
  3 dart slugs
  6 leopard geckos
  79 orcs
  7 giant cockroaches
  14 goblins
  11 hobgoblins
  26 jackals
  5 quokkas
  3 ball pythons
  3 bats
  5 frilled lizards
  A jackal skeleton (D:4)
  11 kobolds
  A leopard gecko zombie (D:7)
  2 quokka zombies
  12 rats
  A briar patch (Swamp:4)
  5 plants (Lair:6)
940 creatures vanquished.

Vanquished Creatures (collateral kills)
  Rupert (Snake:1)
  2 thorn hunters (Swamp:4)
  A reaper (IceCv)
  6 hydras
  Erica (D:9)
  3 naga warriors (Snake:1)
  An anaconda (Snake:1)
  3 death yaks (Lair:5)
  An orc high priest (Orc:2)
  3 swamp dragons (Swamp:4)
  A shambling mangrove (Swamp:4)
  An orc knight (Orc:2)
  An orc sorcerer (Orc:1)
  2 cyclopes
  2 elephants (Lair:6)
  A molten gargoyle (Lair:5)
  A spiny frog (Swamp:4)
  8 slime creatures
  2 tyrant leeches
  2 hippogriffs
  2 yaks
  A wyvern (Lair:6)
  2 basilisks (Lair:5)
  A naga (Snake:1)
  2 insubstantial wisps
  An orc warrior (Orc:2)
  A swamp drake (Swamp:4)
  An eye of draining (D:13)
  A wolf (Lair:2)
  3 centaurs
  3 killer bees
  An orc priest (Orc:1)
  6 orcs
  A hobgoblin (D:3)
  A briar patch (Swamp:4)
70 creatures vanquished.

Vanquished Creatures (others)
  A two-headed ogre (D:7)
  A hippogriff (D:13)
  A human (D:13)
  A lava snake (Lair:5)
  5 white imps (IceCv)
  An ufetubus (IceCv)
  An orc (Orc:1)
  A goblin (D:3)
  3 briar patches (Swamp:4)
  11 fungi
  9 plants
35 creatures vanquished.

Grand Total: 1045 creatures vanquished

Notes
Turn   | Place    | Note
-------+----------+-------------------------------------------
     0 | D:1      | Jannitor the Draconian Fighter began the quest for the Orb.
     0 | D:1      | Reached XP level 1. HP: 19/19 MP: 1/1
   341 | D:1      | Reached XP level 2. HP: 26/26 MP: 2/2
   825 | D:2      | Reached XP level 3. HP: 32/33 MP: 3/3
   938 | D:2      | Found a hazy altar of Hepliaklqana.
  1016 | D:2      | Found a burning altar of Makhleb.
  1027 | D:2      | Reached XP level 4. HP: 34/40 MP: 4/4
  1032 | D:2      | Became a worshipper of Makhleb the Destroyer
  1101 | D:2      | Found a snail-covered altar of Cheibriados.
  1210 | D:2      | Found a shadowy altar of Dithmenos.
  1427 | D:2      | Found an opulent altar of Gozag.
  1682 | D:3      | Reached XP level 5. HP: 44/46 MP: 5/5
  1920 | D:3      | Found a stormy altar of Qazlal.
  2354 | D:3      | Reached * piety under Makhleb
  2366 | D:3      | Noticed Ijyb
  2386 | D:3      | Killed Ijyb
  2554 | D:3      | Noticed Jessica
  2561 | D:3      | Killed Jessica
  2868 | D:4      | Found a sacrificial altar of Ru.
  2884 | D:4      | Reached XP level 6. HP: 46/53 MP: 6/6
  3178 | D:4      | Noticed Elizilla's ghost (amateur FoFi)
  3354 | D:4      | Found a runed door.
  3673 | D:5      | Entered Level 5 of the Dungeon
  3731 | D:5      | Reached skill level 5 in Fighting
  3919 | D:4      | Found a shattered altar of Ashenzari.
  4162 | D:4      | Your scales start taking on a glossy black colour.
  4162 | D:4      | Reached XP level 7. HP: 53/61 MP: 7/7
  4162 | D:4      | Gained mutation: You are resistant to electric shocks. (rElec) [Black Draconian growth]
  4164 | D:4      | Reached skill level 5 in Shields
  4307 | D:4      | Killed Elizilla's ghost
  4898 | D:5      | Reached ** piety under Makhleb
  4911 | D:5      | Reached skill level 5 in Long Blades
  4911 | D:5      | Reached skill level 5 in Dodging
  4911 | D:5      | Reached XP level 8. HP: 35/70 MP: 8/8
  5376 | D:5      | Found a staircase to the Ecumenical Temple.
  5486 | D:5      | Noticed Prince Ribbit
  5838 | D:5      | Found a shattered altar of Ashenzari.
  5874 | D:5      | Killed Prince Ribbit
  5940 | D:5      | Found a basalt altar of Yredelemnul.
  6193 | D:6      | Found a radiant altar of Vehumet.
  6257 | D:6      | Noticed Fv001's ghost (novice DrCj)
  6268 | D:6      | Killed Fv001's ghost
  6285 | D:6      | Found an ornate altar of the Wu Jian Council.
  6421 | D:6      | Reached XP level 9. HP: 79/79 MP: 9/9
  6962 | D:7      | Found a runed door.
  6962 | D:7      | Found a runed door.
  6962 | D:7      | Noticed a centaur warrior
  6985 | D:7      | Reached *** piety under Makhleb
  7129 | D:7      | Found a runed door.
  7136 | D:7      | Killed a centaur warrior
  7321 | D:7      | Noticed a five-headed hydra
  7321 | D:7      | Noticed a cyclops
  7339 | D:7      | Killed a five-headed hydra
  7339 | D:7      | Reached XP level 10. HP: 73/90 MP: 10/10
  7349 | D:7      | Killed a cyclops
  7382 | D:7      | Killed a hornet
  7566 | D:7      | Found a runed door.
  7601 | D:7      | Found a runed door.
  7629 | D:7      | Found a runed door.
  7629 | D:7      | Noticed a manticore
  7690 | D:7      | Gained mutation: You are clumsy. (Dex -2) [potion of mutation]
  7690 | D:7      | Gained mutation: You are dopey. (Int -2) [potion of mutation]
  7690 | D:7      | Gained mutation: You are frail. (-10% HP) [potion of mutation]
  7690 | D:7      | Gained mutation: You have an increased reservoir of magic. (+10% MP) [potion of mutation]
  7707 | D:7      | Killed a manticore
  7911 | D:7      | Noticed a four-headed hydra
  7916 | D:7      | Killed a four-headed hydra
  7919 | D:7      | Noticed a centaur warrior
  7932 | D:7      | Killed a centaur warrior
  7977 | D:7      | Noticed a two-headed ogre
  8003 | D:7      | Killed a troll
  8375 | D:8      | Reached XP level 11. HP: 73/89 MP: 12/12
  8764 | D:8      | Reached skill level 10 in Fighting
  9142 | D:8      | Found an iron altar of Okawaru.
  9502 | D:8      | Reached **** piety under Makhleb
  9804 | D:9      | Paralysed by a hornet for 1 turns
 10546 | D:8      | Reached skill level 1 in Invocations
 11054 | D:9      | Reached ***** piety under Makhleb
 11143 | D:9      | Found Wuelul's Book Emporium.
 11181 | D:9      | Found a staircase to the Orcish Mines.
 11295 | D:9      | Noticed Erica
 11307 | D:9      | Killed Erica
 11487 | D:9      | Found Cearumor's Antique Armour Emporium.
 11497 | D:9      | Bought a runed cloak for 255 gold pieces
 11509 | D:9      | Found Kappik's Distillery.
 11517 | D:9      | Bought a potion of mutation for 112 gold pieces
 11517 | D:9      | Bought a potion of invisibility for 112 gold pieces
 11517 | D:9      | Lost mutation: You are dopey. (Int -2) [potion of mutation]
 11517 | D:9      | Lost mutation: You are clumsy. (Dex -2) [potion of mutation]
 11517 | D:9      | Gained mutation: You are clumsy. (Dex -2) [potion of mutation]
 11517 | D:9      | Gained mutation: You do not regenerate when monsters are visible. [potion of mutation]
 11517 | D:9      | Gained mutation: Your spells are a little harder to cast, but a little more powerful. [potion of mutation]
 11571 | D:9      | Found a deep blue altar of Sif Muna.
 11617 | D:9      | Found an opulent altar of Gozag.
 11661 | D:9      | Found a staircase to the Lair.
 11721 | D:9      | Found Eleilosa's Weapon Boutique.
 11735 | D:9      | Found Ciuph's Gadget Emporium.
 12065 | Lair:1   | Entered Level 1 of the Lair of Beasts
 12184 | Lair:1   | Reached skill level 10 in Shields
 12201 | Lair:1   | Found a frozen archway.
 12216 | IceCv    | Entered an ice cave
 12498 | IceCv    | Reached skill level 1 in Evocations
 12885 | IceCv    | Reached XP level 12. HP: 60/99 MP: 16/16
 13263 | IceCv    | Noticed a reaper
 13287 | IceCv    | Killed a reaper
 13287 | IceCv    | Reached skill level 10 in Long Blades
 14634 | Lair:2   | Lost mutation: You are clumsy. (Dex -2) [potion of mutation]
 14634 | Lair:2   | Lost mutation: You have an increased reservoir of magic. (+10% MP) [potion of mutation]
 14634 | Lair:2   | Lost mutation: You are frail. (-10% HP) [potion of mutation]
 14634 | Lair:2   | Lost mutation: Your spells are a little harder to cast, but a little more powerful. [potion of mutation]
 14634 | Lair:2   | Gained mutation: Scrolls take you a little longer to read. [potion of mutation]
 14634 | Lair:2   | Gained mutation: You are agile. (Dex +2) [potion of mutation]
 14634 | Lair:2   | Gained mutation: You expend magic power (3 MP) to strengthen your wands. [potion of mutation]
 14634 | Lair:2   | Gained mutation: You have a pair of small antennae on your head. [potion of mutation]
 14679 | Lair:2   | Reached skill level 5 in Invocations
 14938 | Lair:2   | Found a staircase to the Swamp.
 15506 | Lair:3   | Got a polished falchion
 15509 | Lair:3   | Identified the +4 falchion "Beom" {pain, +Fly} (You found it on level 3 of the Lair of Beasts)
 15964 | Lair:3   | Noticed a six-headed hydra
 15966 | Lair:3   | Noticed a five-headed hydra
 15966 | Lair:3   | Reached skill level 10 in Dodging
 15971 | Lair:3   | Killed a two-headed hydra
 15979 | Lair:3   | Killed a one-headed hydra
 16504 | Lair:4   | Reached XP level 13. HP: 105/117 MP: 17/17
 16628 | Lair:4   | Found a staircase to the Snake Pit.
 16673 | Lair:4   | Noticed Urug
 16699 | Lair:4   | Killed Urug
 16873 | Lair:4   | Reached skill level 5 in Evocations
 17888 | Lair:5   | Lost mutation: You expend magic power (3 MP) to strengthen your wands. [potion of mutation]
 17888 | Lair:5   | Lost mutation: You are agile. (Dex +2) [potion of mutation]
 17888 | Lair:5   | Lost mutation: Scrolls take you a little longer to read. [potion of mutation]
 17888 | Lair:5   | Lost mutation: You do not regenerate when monsters are visible. [potion of mutation]
 17888 | Lair:5   | Gained mutation: You are agile. (Dex +2) [potion of mutation]
 17888 | Lair:5   | Gained mutation: Your mind is acute. (Int +2) [potion of mutation]
 18987 | Lair:6   | Entered Level 6 of the Lair of Beasts
 19176 | Lair:6   | Gained mutation: Your large and strong wings let you fly indefinitely. [Black Draconian growth]
 19176 | Lair:6   | Reached XP level 14. HP: 127/127 MP: 20/20
 19409 | Lair:6   | Found a runed door.
 19409 | Lair:6   | Found a viscous altar of Jiyva.
 19409 | Lair:6   | Found a staircase to the Slime Pits.
 19409 | Lair:6   | Noticed an azure jelly
 19409 | Lair:6   | Noticed an azure jelly
 20391 | Lair:6   | Gained mutation: Your body sometimes deteriorates upon taking damage. [a neqoxec]
 20433 | Lair:6   | Lost mutation: Your body sometimes deteriorates upon taking damage. [potion of mutation]
 20433 | Lair:6   | Lost mutation: You are agile. (Dex +2) [potion of mutation]
 20433 | Lair:6   | Lost mutation: You have a pair of small antennae on your head. [potion of mutation]
 20433 | Lair:6   | Lost mutation: Your mind is acute. (Int +2) [potion of mutation]
 20433 | Lair:6   | Gained mutation: Your mind is acute. (Int +2) [potion of mutation]
 20433 | Lair:6   | Gained mutation: You do not regenerate when monsters are visible. [potion of mutation]
 20433 | Lair:6   | Gained mutation: Your magical capacity is low. (-10% MP) [potion of mutation]
 20433 | Lair:6   | Gained mutation: Your system is resistant to poisons. (rPois) [potion of mutation]
 20827 | Orc:1    | Entered Level 1 of the Orcish Mines
 21026 | Orc:2    | Entered Level 2 of the Orcish Mines
 22498 | Orc:2    | Found a staircase to the Elven Halls.
 22609 | Orc:2    | Found a roughly hewn altar of Beogh.
 22703 | Orc:2    | Found Vontoo's Magic Scroll Shop.
 22736 | Orc:2    | HP: 8/193 [orc warrior/trident (9)]
 23116 | Orc:2    | Found Bylockin's Food Shoppe.
 23190 | Orc:2    | Bought a scroll of blinking for 105 gold pieces
 23190 | Orc:2    | Bought a scroll of teleportation for 42 gold pieces
 23209 | Orc:2    | Found Weddosam's Armour Shoppe.
 23211 | Orc:2    | Found Qeoruipp's General Store.
 23219 | Orc:2    | Bought a potion of cancellation for 112 gold pieces
 23219 | Orc:2    | Bought 2 potions of heal wounds for 140 gold pieces
 23538 | D:9      | Bought a manual of Shields for 1435 gold pieces
 23552 | D:10     | Entered Level 10 of the Dungeon
 23879 | D:10     | Found a glowing silver altar of Zin.
 24284 | D:11     | Noticed Fannar
 24290 | D:11     | Killed Fannar
 24492 | D:11     | Reached ****** piety under Makhleb
 25310 | D:12     | Reached XP level 15. HP: 136/136 MP: 19/19
 26647 | D:13     | Noticed Azrael
 26661 | D:13     | Killed Azrael
 26695 | D:13     | Reached skill level 10 in Invocations
 26742 | D:13     | Noticed Josephine
 26763 | D:13     | Killed Josephine
 26900 | D:13     | Noticed Kirke
 27198 | D:13     | Killed Kirke
 27216 | D:13     | Noticed Erolcha
 27237 | D:13     | Killed Erolcha
 27264 | D:13     | Found a snail-covered altar of Cheibriados.
 27411 | D:13     | Found Cimos's Armour Boutique.
 27414 | D:13     | Bought a +2 pair of gloves of strength for 301 gold pieces
 28447 | D:14     | Found a gate to the Vaults.
 28678 | D:14     | Got a bloodstained hat
 28684 | D:14     | Identified the +2 hat of the Pit {rF- rC+ Str+2} (You found it on level 14 of the Dungeon)
 28972 | D:15     | Entered Level 15 of the Dungeon
 29439 | D:15     | Reached XP level 16. HP: 146/146 MP: 21/21
 29849 | D:15     | Found a staircase to the Depths.
 30148 | Swamp:1  | Entered Level 1 of the Swamp
 30895 | Swamp:1  | Learned a level 2 spell: Blink
 32172 | Swamp:3  | Got a bound zirconium amulet
 32622 | Swamp:4  | Entered Level 4 of the Swamp
 32632 | Swamp:4  | Noticed a thorn hunter
 32736 | Swamp:4  | Reached skill level 10 in Evocations
 32780 | Swamp:4  | Noticed a thorn hunter
 32804 | Swamp:4  | Killed a thorn hunter
 33112 | Swamp:4  | Noticed a thorn hunter
 33113 | Swamp:4  | Reached skill level 15 in Shields
 33121 | Swamp:4  | Killed a thorn hunter
 33163 | Swamp:4  | Killed a thorn hunter
 33206 | Swamp:4  | Got a decaying rune of Zot
 33577 | Snake:1  | Entered Level 1 of the Snake Pit
 33611 | Snake:1  | Noticed Rupert
 33624 | Snake:1  | Killed Rupert
 34040 | Snake:1  | Noticed Donald
 34059 | Snake:1  | Killed Donald
 34194 | Snake:1  | Reached skill level 15 in Fighting
 34197 | Snake:1  | Shot with an arrow by a naga sharpshooter

Skill      XL: |  1  2  3  4  5  6  7  8  9 10 11 12 13 14 15 16 |
---------------+-------------------------------------------------+-----
Dodging        | 3 4 5 6 7 8 9 10 11 12 | 12.9
Fighting       | 4 5 6 7 8 9 11 12 13 14 15 | 15.0
Long Blades    | 3 4 5 6 7 8 9 10 11 12 13 | 13.7
Shields        | 4 5 6 7 9 10 11 12 14 15 | 15.4
Invocations    | 4 6 8 9 10 12 | 12.0
Evocations     | 1 4 6 8 9 10 | 10.6

Action                   |  1- 3 |  4- 6 |  7- 9 | 10-12 | 13-15 | 16-18 || total
-------------------------+-------+-------+-------+-------+-------+-------++-------
Melee: Long sword        |    87 |   231 |   324 |   555 |       |       ||  1197
       Tailslap          |    11 |    28 |    45 |   181 |   374 |   134 ||   773
       Scimitar          |       |       |       |   423 |  1821 |   652 ||  2896
Throw: Javelin           |       |     4 |       |       |       |       ||     4
Invok: Lesser Servant of |       |       |     1 |    12 |    27 |     4 ||    44
       Major Destruction |       |       |       |       |     1 |     1 ||     2
       Greater Servant o |       |       |       |       |       |     8 ||     8
 Abil: Breathe Lightning |       |       |    13 |    15 |     9 |       ||    37
       Evoke Berserk Rag |       |       |       |     4 |    16 |     6 ||    26
       Fly               |       |       |       |       |     1 |       ||     1
Evoke: Wand              |       |     4 |       |     2 |       |       ||     6
       Lamp of fire      |       |       |       |       |     3 |       ||     3
  Use: Potion            |       |       |     4 |    11 |     6 |     6 ||    27
       Scroll            |       |       |    10 |     8 |    11 |     8 ||    37
 Stab: Sleeping          |     3 |     5 |       |     1 |     4 |     3 ||    16
       Paralysed         |       |     1 |       |       |       |       ||     1
       Distracted        |       |       |       |     1 |     3 |     3 ||     7
       Petrifying        |       |       |       |       |     1 |       ||     1
       Petrified         |       |       |       |       |     1 |       ||     1
  Eat: Chunk             |     1 |     8 |    15 |    27 |    44 |    13 ||   108
       Ration            |       |       |       |     3 |     5 |     2 ||    10
Armor: Skin              |    24 |    67 |   109 |   264 |   389 |   115 ||   968
Dodge: Dodged            |    42 |   120 |   183 |   675 |  1052 |   336 ||  2408
Block: Shield            |    49 |   118 |   156 |   682 |  1063 |   383 ||  2451
       Reflection        |       |       |       |       |       |     1 ||     1
       Rpst.: Long sword |    19 |    43 |    51 |   102 |       |       ||   215
       Scimitar          |       |       |       |    65 |   236 |    66 ||   367
